 Dungeon Crawl Stone Soup version 0.30.1-11-g7821555f0a (webtiles) character file.

Game seed: 10217468893282038731

3901 jfcaron the Grappler (level 10, -2/96 HPs)
             Began as an Ogre Monk on Nov 20, 2023.
             Was a Believer of the Shining One.
             Slain by a vampire mosquito (6 damage)
             ... on level 8 of the Dungeon.
             The game lasted 00:18:25 (8644 turns).

jfcaron the Grappler (Ogre Monk)                    Turns: 8644, Time: 00:18:26

Health: -2/96      AC:  6    Str: 21    XL:     10   Next: 20%
Magic:  13/13      EV: 11    Int: 11    God:    the Shining One [**....]
Gold:   54         SH:  5    Dex: 11    Spells: 5/9 levels left

rFire   + .          .
                       - Unarmed
rCold   + . .        c - orb {light}
rNeg    + . .        w - +0 steam dragon scales
rPois   .            (helmet restricted)
rElec   .            (no cloak)
rCorr   .            (gloves unavailable)
SInv    .            (boots unavailable)
Will    +....        h - amulet of reflection
Stlth   +            e - ring of protection from cold
HPRegen 0.36/turn    x - ring of protection from fire
MPRegen 0.13/turn

%: reflection
@: glowing
A: large, unfitting armour, tough skin 1
a: Renounce Religion, Divine Shield


You were on level 8 of the Dungeon.
You worshipped the Shining One.
The Shining One was pleased with you.
You visited 1 branch of the dungeon, and saw 8 of its levels.

You collected 353 gold pieces.
You spent 299 gold pieces at shops.

Inventory:

Hand Weapons
 l - a +3 dagger of venom
   (You took it off a goblin on level 4 of the Dungeon)
Missiles
 a - 15 stones
 m - 3 large rocks {!f}
 y - a curare-tipped dart {!f}
 A - 7 boomerangs (quivered)
 E - 12 poisoned darts
Armour
 c - an orb of light (worn)
 w - +0 steam dragon scales (worn)
Jewellery
 e - a ring of protection from cold (left hand)
   (You found it on level 1 of the Dungeon)
 h - an amulet of reflection (around neck)
   (You found it on level 1 of the Dungeon)
 x - a ring of protection from fire (right hand)
   (You took it off an orc on level 3 of the Dungeon)
Wands
 s - a wand of quicksilver (2)
 u - a wand of mindburst (19)
   (You found it on level 3 of the Dungeon)
 C - a wand of paralysis (27)
   (You found it on level 5 of the Dungeon)
 I - a wand of polymorph (7)
Scrolls
 i - 7 scrolls of immolation
 k - a scroll of fear
 o - 3 scrolls of teleportation
 p - 2 scrolls of poison
 v - a scroll of magic mapping
 H - a scroll of amnesia
Potions
 b - 2 potions of ambrosia
 d - a potion of brilliance
 f - 3 potions of curing
 g - 2 potions of mutation
 j - 2 potions of lignification
 n - 4 potions of might
 q - 4 potions of haste
 r - 4 potions of berserk rage
 t - a potion of cancellation
 B - 3 potions of resistance
 F - a potion of heal wounds
 G - a potion of invisibility


   Skills:
 - Level 5.0 Fighting
 - Level 5.0 Dodging
 - Level 10.0 Unarmed Combat
 + Level 6.4 Transmutations
 - Level 5.0 Invocations


You had 5 spell levels left.
You knew the following spells:

 Your Spells              Type           Power      Damage    Failure   Level
a - Ice Form              Ice/Tmut       7%         N/A       67%         4

Your spell library contained the following spells:

 Spells                   Type           Power      Damage    Failure   Level
 Kiss of Death            Conj/Necr      0%         2d5       34%         1
 Ignite Poison            Fire/Tmut/Pois 4%         N/A       41%         3
 Cigotuvi's Dreadful Rot  Necr/Pois/Air  0%         N/A       47%         2
 Confusing Touch          Hex            0%         N/A       71%         3
 Frozen Ramparts          Ice            0%         1d1       71%         3
 Dispel Undead            Necr           0%         3d6       98%         4
 Summon Ice Beast         Ice/Summ       0%         N/A       98%         4
 Freezing Cloud           Conj/Ice/Air   0%         6-21      100%        5


Dungeon Overview and Level Annotations

Branches:
Dungeon (8/15)             Temple (0/1) D:7
   Lair: D:8-11

Altars:
Ashenzari
Hepliaklqana
Kikubaaqudgha
Makhleb
Ru
Xom
The Shining One

Shops:
D:1 :   D:2 ((*   D:3 *   D:5 =   D:6 ?   D:7 *


Innate Abilities, Weirdness & Mutations

You are too large for most types of armour.
You have tough skin. (AC +1)


Message History

The vampire mosquito barely misses you. The vampire mosquito barely misses you.
The vampire mosquito attacks as you move away!
You block the vampire mosquito's attack.
An orc wizard appears from thin air!
Reactivating autopickup.
The vampire mosquito bites you but does no damage.
The vampire mosquito attacks as you move away!
The vampire mosquito bites you but does no damage.
The vampire mosquito bites you!
* * * LOW HITPOINT WARNING * * *
The vampire mosquito draws strength from your injuries!
You are too injured to fight recklessly!
You are too injured to fight recklessly!
You are too injured to fight recklessly!
You are too injured to fight recklessly!
You are too injured to fight recklessly!
You are too injured to fight recklessly!
You are too injured to fight recklessly!
You are too injured to fight recklessly!
You are too injured to fight recklessly!
You are too injured to fight recklessly!
You are too injured to fight recklessly!
You are too injured to fight recklessly!
You are too injured to fight recklessly!
You are too injured to fight recklessly!
You barely miss the vampire mosquito.
The vampire mosquito is moderately damaged.
The vampire mosquito barely misses you.
You closely miss the vampire mosquito.
The vampire mosquito is moderately damaged.
The vampire mosquito misses you. The vampire mosquito bites you!
* * * LOW HITPOINT WARNING * * *
The vampire mosquito draws strength from your injuries!
The vampire mosquito attacks as you move away!
The vampire mosquito bites you!
* * * LOW HITPOINT WARNING * * *
The vampire mosquito draws strength from your injuries!
The vampire mosquito bites you.
You die...

#.....#..# #.#.#..#.#.
#.......... ##.........
###############.........
#.......................
#.....>..###o.#.........
#.........yo.##.........
#......).@#####..<......
#........## ##........
#........# .......
#........# .......
########## .......


You could see a vampire mosquito, an orc wizard and an orc.

Vanquished Creatures
  Joseph (D:7)
  Grinder (D:4)
  A wraith (D:6)
  A steam dragon (D:4)
  A vampire mosquito (D:8)
  Menkaure (D:6)
  Edmund (D:6)
  An orc warrior (D:8)
  2 black bears
  2 ice beasts
  A sky beast (D:4)
  2 ogres (D:5)
  6 centaurs
  2 phantoms
  3 kobold brigands (D:5)
  A bullfrog (D:6)
  6 scorpions
  2 howler monkeys (D:7)
  3 hounds
  An orc priest (D:8)
  3 sleepcaps
  5 iguanas
  7 orc wizards
  Robin (D:4)
  5 adders
  A white imp (D:7)
  3 ufetubi
  2 worms
  2 dart slugs
  32 orcs
  3 ball pythons
  6 endoplasms
  A giant cockroach (D:4)
  20 goblins
  12 hobgoblins
  6 jackals
  18 kobolds
  7 quokkas
  3 bats
  4 frilled lizards
  5 rats
185 creatures vanquished.

Notes
Turn   | Place    | Note
-------+----------+-------------------------------------------
     0 | D:1      | jfcaron the Ogre Monk began the quest for the Orb.
     0 | D:1      | Reached XP level 1. HP: 24/24 MP: 1/1
    73 | D:1      | Reached skill level 3 in Unarmed Combat
   121 | D:1      | Reached XP level 2. HP: 32/32 MP: 2/2
   171 | D:1      | Noticed a walking divine tome
   173 | D:1      | Found Riam's Book Shoppe.
   175 | D:1      | Noticed a walking crystal tome
   278 | D:1      | Found a faded altar of an unknown god.
   494 | D:1      | Reached XP level 3. HP: 38/39 MP: 3/3
   772 | D:2      | Reached skill level 4 in Unarmed Combat
   912 | D:2      | Found Iheolabb's Weapon Shop.
   974 | D:2      | Bought 2 stones for 2 gold pieces
   974 | D:2      | Bought 7 stones for 9 gold pieces
  1227 | D:2      | Identified the +0 pair of boots of the Great Game {Regen+}
  1316 | D:2      | Found Katt's Assorted Antiques.
  1343 | D:2      | Bought 2 scrolls labelled EGIATY JAAHOPA for 56 gold pieces
  1343 | D:2      | Bought a scroll labelled WIOLUZ VYPP for 28 gold pieces
  1343 | D:2      | Bought a viscous red potion for 25 gold pieces
  1377 | D:2      | Reached XP level 4. HP: 43/48 MP: 4/4
  1552 | D:2      | Found Nocvorch's Weapon Shop.
  1560 | D:2      | Bought 2 stones for 2 gold pieces
  1560 | D:2      | Bought 6 stones for 7 gold pieces
  1769 | D:3      | Found a broken altar of Ashenzari.
  2203 | D:3      | Reached skill level 5 in Unarmed Combat
  2203 | D:3      | Reached XP level 5. HP: 54/54 MP: 5/5
  2248 | D:3      | Found Feqepn's General Store.
  2566 | D:4      | Noticed Grinder
  2590 | D:4      | Killed Grinder
  2591 | D:4      | Reached skill level 6 in Unarmed Combat
  2591 | D:4      | Reached XP level 6. HP: 30/62 MP: 6/6
  2768 | D:4      | Noticed a steam dragon
  2773 | D:4      | Killed a steam dragon
  2774 | D:4      | Reached skill level 7 in Unarmed Combat
  2774 | D:4      | Reached XP level 7. HP: 60/70 MP: 7/7
  2854 | D:4      | Found a glowing golden altar of the Shining One.
  2871 | D:4      | Became a worshipper of the Shining One
  2871 | D:4      | Reached * piety under the Shining One
  2871 | D:4      | Reached ** piety under the Shining One
  2917 | D:4      | You fall into a shaft and drop 2 floors!
  3106 | D:5      | Entered Level 5 of the Dungeon
  3106 | D:5      | Found Moyjit's Jewellery Boutique.
  3163 | D:6      | Reached skill level 8 in Unarmed Combat
  3313 | D:4      | Reached XP level 8. HP: 64/78 MP: 8/8
  3624 | D:4      | Noticed Robin
  3625 | D:4      | Killed Robin
  3762 | D:4      | Found an ancient bone altar of Kikubaaqudgha.
  3765 | D:4      | Found a shimmering altar of Xom.
  3777 | D:4      | Found a hazy altar of Hepliaklqana.
  3780 | D:4      | Found a sacrificial altar of Ru.
  3787 | D:4      | Found a burning altar of Makhleb.
  3899 | D:4      | Reached skill level 9 in Unarmed Combat
  4354 | D:4      | Learned a level 4 spell: Ice Form
  4536 | D:5      | Reached skill level 1 in Invocations
  4697 | D:5      | Reached skill level 1 in Transmutations
  5156 | D:5      | Reached XP level 9. HP: 87/87 MP: 10/10
  5184 | D:5      | Reached skill level 5 in Fighting
  5948 | D:6      | Noticed Edmund
  5959 | D:6      | Killed Edmund
  5970 | D:6      | Found Jiz Wes's Magic Scroll Boutique.
  6188 | D:6      | Reached skill level 10 in Unarmed Combat
  6582 | D:6      | Noticed Menkaure
  6586 | D:6      | Killed Menkaure
  7010 | D:7      | Found Upats's General Store.
  7029 | D:6      | HP: 14/88 [wraith (7)]
  7271 | D:7      | Reached skill level 5 in Dodging
  7272 | D:7      | Noticed Joseph
  7280 | D:7      | Reached skill level 5 in Invocations
  7393 | D:7      | Killed Joseph
  7394 | D:7      | Reached skill level 5 in Transmutations
  7394 | D:7      | Reached XP level 10. HP: 48/96 MP: 13/13
  7829 | D:7      | Found a staircase to the Ecumenical Temple.
  8335 | D:3      | Bought a potion of might for 40 gold pieces
  8413 | D:6      | Bought 2 scrolls of identify for 52 gold pieces
  8413 | D:6      | Bought a scroll of identify for 26 gold pieces
  8440 | D:7      | Bought a scroll of identify for 26 gold pieces
  8440 | D:7      | Bought a scroll of identify for 26 gold pieces
  8643 | D:8      | HP: 14/96 [vampire mosquito (10)]
  8644 | D:8      | HP: 4/96 [vampire mosquito (10)]
  8644 | D:8      | Slain by a vampire mosquito

Illustrated notes

Levels and vault maps discovered:
D:1:      scummos_arrival_hexagon, layout_basic,
          hellmonk_ecumenical_altar_blasted, serial_shops,
          nicolae_shop_mannequins
D:2:      minmay_skewed_foursquare, layout_rooms, serial_shops,
          nicolae_shop_advertising_works [nicolae_subvault_shop_adworks], shop,
          nicolae_shop_bloodbath_and_beyond
D:3:      layout_basic, nicolae_overflow_crystal_walls, serial_shops,
          shop_fountains
D:4:      layout_basic, minmay_overflow_temple_star_hex, tso_metal_star,
          minivault_5, uniq_grinder, uniq_robin
D:5:      cheibrodos_thug_alley, layout_basic, nicolae_take_the_stairs
D:6:      layout_cave_pods, serial_shops, nicolae_shop_real_fake_doors,
          uniq_edmund, uniq_menkaure
D:7:      layout_layer_cave, temple_hall, serial_shops, shop, uniq_joseph
D:8:      layout_rooms

Skill      XL: |  1  2  3  4  5  6  7  8  9 10 |
---------------+-------------------------------+-----
Unarmed Combat | 3 4 5 6 7 8 9 10 | 10.0
Invocations    | 2 5 |  5.0
Dodging        | 3 5 |  5.0
Transmutations | 1 5 6 |  6.4
Fighting       | 5 |  5.0

Action                     |  1- 3 |  4- 6 |  7- 9 | 10-12 || total
---------------------------+-------+-------+-------+-------++-------
  Melee: Unarmed           |   130 |    97 |   306 |    43 ||   576
  Throw: Stone             |    29 |       |    61 |       ||    90
         Dart              |     6 |       |    23 |     3 ||    32
         Large rock        |       |       |     4 |       ||     4
         Boomerang         |       |       |    44 |     8 ||    52
 Invoke: Divine Shield     |       |       |     1 |       ||     1
  Evoke: Wand              |       |     5 |     8 |       ||    13
    Use: Scroll            |     2 |     5 |     7 |     6 ||    20
         Potion            |       |       |     3 |       ||     3
 Armour: Robe              |    28 |    20 |       |       ||    48
         Steam dragon scal |       |       |    97 |    11 ||   108
         Skin              |       |       |     2 |       ||     2
  Dodge: Dodged            |    52 |    39 |   132 |    30 ||   253
  Block: Orb               |    12 |    18 |    78 |    14 ||   122
         Reflection        |     1 |       |    21 |       ||    22

Table legend: (Time is in decaauts)
 A = Elapsed time spent in this place.
 B = Non-inter-level travel time spent in this place.
 C = Inter-level travel time spent in this place.
 D = Time resting spent in this place.
 E = Time spent auto-exploring this place.
 F = Levels seen in this place.
 G = Mean time per level.
                   A        B        C        D        E       F      G
               +--------+--------+--------+--------+--------+-----+--------+
         Total |   8626 |   8118 |    508 |   1644 |   5151 |   8 | 1078.2 |
       Dungeon |   8626 |   8118 |    508 |   1644 |   5151 |   8 | 1078.2 |
               +--------+--------+--------+--------+--------+-----+--------+

Top non-repeatable levels by time:
     D:6: 1841 daAuts
     D:4: 1572 daAuts
     D:5: 1458 daAuts
     D:7: 1192 daAuts
     D:3: 898 daAuts
     D:1: 790 daAuts
     D:2: 775 daAuts
     D:8: 97 daAuts

Table legend:
 A = Kills in this place as a percentage of kills in the entire game.
 B = Kills by you in this place as a percentage of kills by you in the entire game.
 C = Kills by friends in this place as a percentage of kills by friends in the entire game.
 D = Other kills in this place as a percentage of other kills in the entire game.
 E = Experience gained in this place as a percentage of experience gained in the entire game.
 F = Experience gained in this place divided by the number of levels of this place that you have seen.
                   A       B       C       D       E      F
               +-------+-------+-------+-------+-------+----------------------
         Total | 100.0 | 100.0 |   N/A |   N/A | 100.0 | 696.6
       Dungeon | 100.0 | 100.0 |   N/A |   N/A | 100.0 | 696.6
               +-------+-------+-------+-------+-------+----------------------

Levels and vault maps discovered:
D:1:      scummos_arrival_hexagon, layout_basic,
          hellmonk_ecumenical_altar_blasted, serial_shops,
          nicolae_shop_mannequins
D:2:      minmay_skewed_foursquare, layout_rooms, serial_shops,
          nicolae_shop_advertising_works [nicolae_subvault_shop_adworks], shop,
          nicolae_shop_bloodbath_and_beyond
D:3:      layout_basic, nicolae_overflow_crystal_walls, serial_shops,
          shop_fountains
D:4:      layout_basic, minmay_overflow_temple_star_hex, tso_metal_star,
          minivault_5, uniq_grinder, uniq_robin
D:5:      cheibrodos_thug_alley, layout_basic, nicolae_take_the_stairs
D:6:      layout_cave_pods, serial_shops, nicolae_shop_real_fake_doors,
          uniq_edmund, uniq_menkaure
D:7:      layout_layer_cave, temple_hall, serial_shops, shop, uniq_joseph
D:8:      layout_rooms
